 Dungeon Crawl Stone Soup version 0.29.1-12-g30fa7ad0bf (webtiles) character file.

Game seed: 3044486059762208769

88 retardedninja the Covered (level 4, -14/41 HPs)
             Began as a Minotaur Fighter on Jan 9, 2023.
             Killed from afar by Ijyb (16 damage)
             ... with a bolt of light
             ... on level 3 of the Dungeon.
             The game lasted 00:02:20 (1866 turns).

retardedninja the Covered (Minotaur Fighter)        Turns: 1866, Time: 00:02:20

Health: -14/41     AC:  9    Str: 23    XL:     4   Next: 29%
Magic:  3/3        EV:  7    Int:  5    God:
Gold:   180        SH:  0    Dex:  9    Spells: 3/3 levels left

rFire   . . .      SeeInvis .   a - +0 war axe
rCold   . . .      Faith    .   c - +0 buckler
rNeg    . . .      Spirit   .   l - +0 chain mail
rPois   .          Reflect  .   (helmet restricted)
rElec   .          Harm     .   (no cloak)
rCorr   .          Rampage  .   (no gloves)
Will    .....                   (no boots)
Stlth   ..........              (no amulet)
HPRegen 0.13/turn               (no ring)
MPRegen 0.08/turn               (no ring)

@: confused
A: horns 2, retaliatory headbutt
a: no special abilities


You were on level 3 of the Dungeon.
You visited 1 branch of the dungeon, and saw 3 of its levels.

You collected 180 gold pieces.

Inventory:

Hand Weapons
 a - a +0 war axe (weapon)
Armour
 b - a +0 scale mail
 c - a +0 buckler (worn)
 l - a +0 chain mail (worn)
Wands
 j - a wand of mindburst (14)
Scrolls
 g - a scroll of poison {unknown}
 h - 4 scrolls of identify {unknown}
 k - a scroll of fog {unknown}
 o - a scroll of amnesia {unknown}
 p - a scroll of teleportation {unknown}
 q - a scroll of vulnerability {unknown}
 s - a scroll of magic mapping {unknown}
 v - a scroll of enchant armour {unknown}
 w - a scroll of noise {unknown}
Potions
 d - a potion of might
 e - a potion of brilliance {unknown}
 f - a potion of attraction {unknown}
 i - 2 potions of heal wounds {unknown}
 m - 2 potions of curing {unknown}
 n - a potion of ambrosia {unknown}
 r - a potion of invisibility {unknown}
 t - a potion of lignification {unknown}
 u - a potion of flight {unknown}


   Skills:
 + Level 4.4 Fighting
 + Level 3.4 Axes
 + Level 4.4 Armour
 + Level 4.4 Shields


You had 3 spell levels left.
You didn't know any spells.
Your spell library contained the following spells:

 Spells                   Type           Power      Damage    Failure   Level
 Sublimation of Blood     Necr           0%         N/A       100%        2
 Petrify                  Tmut/Erth      0%         N/A       100%        4
 Irradiate                Conj/Tmut      0%         3d11      100%        5


Dungeon Overview and Level Annotations

Branches:
Dungeon (3/15)

Altars:

Shops:
D:1 (

Annotations:
D:3 Ijyb


Innate Abilities, Weirdness & Mutations

You have a pair of horns on your head.
You reflexively headbutt those who attack you in melee.


Message History

You hit the goblin.
You kill the goblin!
You slash the goblin!
You kill the goblin!
You closely miss Ijyb.
You hear the slow rusting of a very distant drain.
Ijyb hits you but does no damage.
The goblin unwields a +0 sling.
The goblin wields a +0 club.
The goblin closely misses you. You furiously retaliate!
You headbutt the goblin!
You kill the goblin!
You hit Ijyb.
Ijyb is lightly wounded.
You hit the goblin. The goblin hits you but does no damage.
Ijyb hits you with a +0 club.
Unknown command.
You slash the goblin!
You kill the goblin!
You hit Ijyb but do no damage. Ijyb completely misses you.
You furiously retaliate!
You headbutt Ijyb, but do no damage. Ijyb hits you but does no damage.
Unknown command.
You hit Ijyb.
Ijyb is moderately wounded.
Ijyb zaps a wand.
The bolt of light hits you!!
Ouch! That really hurt!
Unknown command.
You are too injured to fight recklessly!
Unknown command.
You are too injured to fight recklessly!
Unknown command.
You are too injured to fight recklessly!
You hit Ijyb.
Ijyb is heavily wounded.
Ijyb zaps a wand.
The bolt of light hits you!
You are confused.
* * * LOW HITPOINT WARNING * * *
You miss Ijyb. Your headbutt misses Ijyb.
Ijyb is heavily wounded.
Ijyb hits you but does no damage.
Ijyb zaps a wand.
The bolt of light hits you!
You die...

...####..###.#......#..#
...# #.## #.#.##.#.#..###
...# #.####.#....#.#....#
#### ##+##...######....#.#
##.......+.....#####.#
#####........#####.......#
.##............###########
.##.#......##...8)8.8.8.
..#.#......##...@g......
...........##...)).....?
..#.##+######...........
..#.# #..........) #.#..
#........... #...##
#...8.8.8.8. #.#.#
#.########## ..#.# #.
..#..


You could see Ijyb.

Vanquished Creatures
  Jessica (D:2)
  An adder (D:2)
  A worm (D:2)
  2 dart slugs
  An orc (D:3)
  2 ball pythons
  2 endoplasms
  A giant cockroach (D:1)
  9 goblins
  5 hobgoblins
  6 jackals
  2 kobolds
  A quokka (D:2)
  2 bats (D:1)
  3 frilled lizards
  A rat (D:1)
40 creatures vanquished.

Notes
Turn   | Place    | Note
-------+----------+-------------------------------------------
     0 | D:1      | retardedninja the Minotaur Fighter began the quest for the
                  | Orb.
     0 | D:1      | Reached XP level 1. HP: 19/19 MP: 0/0
   146 | D:1      | Reached XP level 2. HP: 18/27 MP: 1/1
   493 | D:1      | Found Wicyopn's Weapon Boutique.
   683 | D:2      | Reached XP level 3. HP: 33/33 MP: 2/2
  1029 | D:2      | Noticed Jessica
  1039 | D:2      | Killed Jessica
  1040 | D:2      | Reached XP level 4. HP: 10/40 MP: 3/3
  1857 | D:3      | Noticed Ijyb
  1865 | D:3      | HP: 1/41 [Ijyb/bolt of light (13)]
  1866 | D:3      | Killed from afar by Ijyb

Illustrated notes

Levels and vault maps discovered:
D:1:      lightli_arrival_lavapool, layout_rooms, serial_shops,
          nicolae_shop_bloodbath_and_beyond, dk_noncrumbling_3
D:2:      layout_loops_ring, minmay_pentomino_t2, uniq_jessica
D:3:      kennysheep_the_goblin_king, layout_basic,
          mainiacjoe_overflow_alcove_1, portal_sewer_entry_e, uniq_ijyb

Skill      XL: |  1  2 |
---------------+-------+-----
Armour         | 4 |  4.4
Shields        | 4 |  4.4
Fighting       | 4 |  4.4
Axes           | 3 |  3.4

Action                   |  1- 3 |  4- 6 || total
-------------------------+-------+-------++-------
Melee: War axe           |    60 |    16 ||    76
       Headbutt          |     5 |     2 ||     7
Armor: Scale mail        |    15 |       ||    15
       Chain mail        |    23 |     9 ||    32
Dodge: Dodged            |    32 |     4 ||    36
Block: Buckler           |    14 |     4 ||    18
